 Seeded DCSS version 0.31-a0-360-gb3e1d13bf4 (webtiles) character file.

Game seed: 18070899122180095218 (custom seed)

3439 GilGalad the Basher (level 9, -3/81 HPs)
             Began as a Minotaur Fighter on July 27, 2023.
             Was an Initiate of Makhleb.
             Slain by Maggie
             ... wielding a +2 halberd of distortion
              (9 damage)
             ... on level 7 of the Dungeon.
             The game lasted 00:17:09 (5487 turns).

GilGalad the Basher (Minotaur Fighter)              Turns: 5487, Time: 00:17:09

Health: -3/81      AC: 13    Str: 24    XL:     9   Next: 77%
Magic:  9/9        EV:  9    Int:  5    God:    Makhleb [......]
Gold:   393        SH: 12    Dex: 20    Spells: 8/8 levels left

rFire   . . .        a - +8 morningstar of the Endless March {heavy, Dex+3 Stlth+}
rCold   + + .        B - +0 kite shield
rNeg    . . .        K - +3 scale mail {rC+}
rPois   .            (helmet restricted)
rElec   +            (no cloak)
rCorr   .            (no gloves)
SInv    .            x - +1 pair of boots
Will    +....        (no amulet)
Stlth   +            e - +6 ring of dexterity
HPRegen 0.33/turn    N - ring "Raen" {rElec rC+ Will+}
MPRegen 0.11/turn

%: no passive effects
@: mesmerised, hasted, very quick
A: horns 2, retaliatory headbutt
a: Renounce Religion


You were on level 7 of the Dungeon.
You worshipped Makhleb.
Makhleb was noncommittal.
You visited 2 branches of the dungeon, and saw 8 of its levels.

You collected 393 gold pieces.

Inventory:

Hand Weapons
 a - the +8 morningstar of the Endless March (weapon) {heavy, Dex+3 Stlth+}
   (You found it on level 2 of the Dungeon)

   Dex:       It affects your dexterity (+3).
   Stlth:     It makes you more stealthy.
 b - the +7 long sword of Spite {venom, rPois Str-4 Int+5}
   (You found it on level 4 of the Dungeon)

   Str:       It affects your strength (-4).
   Int:       It affects your intelligence (+5).
   rPois:     It protects you from poison.
 j - a +2 vampiric short sword
 L - a +4 flail of holy wrath
Missiles
 p - 14 poisoned darts
 C - 3 atropa-tipped darts (quivered)
Armour
 c - a +0 buckler
 x - a +1 pair of boots (worn)
 B - a +0 kite shield (worn)
 F - a +0 scale mail
 K - a +3 scale mail of cold resistance (worn)
Jewellery
 e - a +6 ring of dexterity (left hand)
 N - the ring "Raen" (right hand) {rElec rC+ Will+}
   (You found it on level 6 of the Dungeon)

   [ring of protection from cold]

   rC:        It protects you from cold.
   rElec:     It insulates you from electricity.
   Will:      It increases your willpower.
Wands
 w - a wand of roots (12)
 z - a wand of quicksilver (5)
 H - a wand of charming (12)
 M - a wand of digging (7)
Scrolls
 d - a scroll of enchant weapon
 f - 2 scrolls of immolation
 h - a scroll of fog {unknown}
 l - a scroll of silence {unknown}
 m - a scroll of identify {unknown}
 o - a scroll of brand weapon {unknown}
 r - 2 scrolls of enchant armour
 u - 2 scrolls of teleportation
 y - a scroll of poison {unknown}
 A - 2 scrolls of revelation
 D - a scroll of blinking {unknown}
 E - a scroll of noise {unknown}
 G - a scroll of torment {unknown}
 I - a scroll of amnesia {unknown}
 J - a scroll of vulnerability {unknown}
Potions
 g - a potion of heal wounds {unknown}
 i - 2 potions of haste
 k - 2 potions of brilliance {unknown}
 n - 3 potions of enlightenment {unknown}
 q - a potion of mutation {unknown}
 s - 3 potions of curing {unknown}
 t - a potion of attraction {unknown}
 v - a potion of ambrosia {unknown}
 O - 2 potions of berserk rage {unknown}


   Skills:
 + Level 8.2 Fighting
 * Level 10.5 Maces & Flails
 + Level 8.2 Armour
 + Level 8.2 Shields
 + Level 2.4 Invocations


You had 8 spell levels left.
You didn't know any spells.
Your spell library contained the following spells:

 Spells                   Type           Power      Damage    Failure   Level
 Blink                    Tloc           0%         N/A       97%         2
 Cigotuvi's Dreadful Rot  Necr/Pois/Air  0%         N/A       97%         2
 Lesser Beckoning         Tloc           0%         N/A       97%         2
 Static Discharge         Conj/Air       0%         2-2/arc   97%         2
 Sublimation of Blood     Necr           0%         N/A       97%         2
 Gell's Gravitas          Tloc           0%         N/A       100%        3
 Teleport Other           Tloc           0%         N/A       100%        3
 Airstrike                Air            0%         2d(0-16)  100%        4
 Animate Dead             Necr           0%         N/A       100%        4
 Dispel Undead            Necr           0%         3d6       100%        4
 Manifold Assault         Tloc           0%         N/A       100%        4
 Petrify                  Tmut/Erth      0%         N/A       100%        4
 Summon Lightning Spire   Summ/Air       0%         N/A       100%        4
 Irradiate                Conj/Tmut      0%         3d11      100%        5
 Death Channel            Necr           0%         N/A       100%        6
 Haunt                    Necr/Summ      0%         N/A       100%        7
 Infestation              Necr           0%         N/A       100%        8


Dungeon Overview and Level Annotations

Branches:
Dungeon (7/15)             Temple (1/1) D:6

Altars:
Ashenzari
Cheibriados
Dithmenos
Elyvilon
Fedhas
Gozag
Hepliaklqana
Kikubaaqudgha
Makhleb
Nemelex Xobeh
Qazlal
Ru
Sif Muna
Trog
Uskayaw
Vehumet
Wu Jian
Xom
Yredelemnul
Zin
The Shining One

Annotations:
D:7 Maggie


Innate Abilities, Weirdness & Mutations

You have a pair of horns on your head.
You reflexively headbutt those who attack you in melee.


Message History

Aiming: Fastroot
Press: ? - help, Shift-Dir - straight line, f/p - Maggie
Aim: Maggie, wielding a +2 halberd of distortion and wearing +0 swamp dragon scales (lightly wounded, confused, blind)
The roots erupt in riotous growth!
Roots grab Maggie.
The grasping roots constrict Maggie.
Maggie seems less confused.
Maggie casts a spell.
The grasping roots constrict Maggie.
The roots release their grip on Maggie.
Maggie says, "Fear not.
I will immortalize you in the tale of my first kill."
Maggie is no longer blind.
Maggie hits you from afar with a +2 halberd of distortion.
You blink.
Maggie hits you but does no damage. Space warps horribly around you!
Maggie hits you with a +2 halberd of distortion.
You completely miss Maggie. You headbutt Maggie, but do no damage.
Maggie is moderately wounded.
Maggie hits you with a +2 halberd of distortion.
Space warps around you.
Maggie hits you with a +2 halberd of distortion.
You blink.
Maggie casts a spell.
Maggie attempts to bespell you!
You are mesmerised by Maggie!
Maggie points at you and mumbles some strange words.
The bolt of fire hits you. Maggie barely misses you.
You barely miss Maggie.
Maggie is moderately wounded.
Maggie mumbles some strange words.
Maggie draws you further into her thrall.
You hit Maggie.
Maggie is heavily wounded.
Maggie points at you and mumbles some strange words.
The bolt of fire hits you.
Maggie hits you with a +2 halberd of distortion!
Space warps horribly around you!!
* * * LOW HITPOINT WARNING * * *
It was a potion of haste.
You feel yourself speed up.
Maggie hits you with a +2 halberd of distortion!
You die...

****,* *,* *,*.....##....
*,,*,* *,**#.####.#######
*,,*,* *,,,.....#.#######
*,,*,* ****#.##.#.# *,,*,*
#.#..#.#######
*,,*,########.#..#.##.....
*,,*,#........#...........
*,,*,#........#...........
*,,*,#...@@((.............
**,,*,#.########!......###.
*,,,*,#...........#+#..# #.
**,,*,###########.#,#..#*##
*,,*,,,,,,,,,,,>.......#**
*,,**,,,******##..!......,
*,,*,,,,* **#.#.#.####.
*,,*,,,,* *,....#.# **
*,,*,,,,* *,....#+**


You could see Maggie (mesmerising).

Vanquished Creatures
  Pikel (D:3)
  An ugly thing (D:6)
  A kobold demonologist (D:6)
  A wyvern (D:6)
  4 water moccasins
  2 black bears (D:5)
  4 ogres
  3 phantoms
  2 lemures (D:3)
  A gnoll sergeant (D:5)
  2 scorpions
  A howler monkey (D:5)
  2 jellies
  2 gnoll boudas
  7 hounds
  4 iguanas
  2 sleepcaps
  18 gnolls
  6 adders
  2 shadow imps
  2 ufetubi (D:5)
  A worm (D:3)
  2 dart slugs
  15 orcs
  5 ball pythons
  7 endoplasms
  5 giant cockroaches
  6 goblins
  13 hobgoblins
  A jackal (D:3)
  10 kobolds
  5 quokkas
  4 bats
  3 frilled lizards (D:1)
  7 rats
152 creatures vanquished.

Notes
Turn   | Place    | Note
-------+----------+-------------------------------------------
     0 | D:1      | GilGalad the Minotaur Fighter began the quest for the Orb.
     0 | D:1      | Reached XP level 1. HP: 19/19 MP: 0/0
   286 | D:1      | Reached XP level 2. HP: 27/27 MP: 1/1
   628 | D:1      | Reached skill level 3 in Maces & Flails
   628 | D:1      | Reached XP level 3. HP: 33/33 MP: 2/2
   839 | D:2      | Found an opulent altar of Gozag.
   898 | D:2      | Identified the +1 robe of Sif Muna's Grace {+Inv rPois
                  | Str-3 Stlth+}
  1129 | D:2      | You fall into a shaft and drop 2 floors!
  1130 | D:4      | Noticed a lemure
  1130 | D:4      | Noticed a lemure
  1145 | D:3      | Found a sparkling altar of Nemelex Xobeh.
  1146 | D:3      | Found a glowing silver altar of Zin.
  1149 | D:3      | Found a transporter.
  1162 | D:3      | Found a transporter.
  1322 | D:2      | Identified the +8 morningstar of the Endless March {heavy,
                  | Dex+3 Stlth+}
  1578 | D:3      | Noticed a water moccasin
  1582 | D:3      | Killed a water moccasin
  1583 | D:3      | Reached skill level 4 in Maces & Flails
  1583 | D:3      | Reached XP level 4. HP: 41/41 MP: 3/3
  1583 | D:3      | Reached XP level 5. HP: 47/47 MP: 4/4
  2203 | D:3      | Killed a lemure
  2204 | D:3      | Killed a lemure
  2259 | D:4      | Noticed Pikel
  2261 | D:4      | Noticed a lemure
  2261 | D:4      | Noticed a lemure
  2283 | D:3      | Killed Pikel
  2284 | D:3      | Reached skill level 5 in Fighting
  2284 | D:3      | Reached skill level 6 in Maces & Flails
  2284 | D:3      | Reached skill level 5 in Armour
  2284 | D:3      | Reached skill level 5 in Shields
  2284 | D:3      | Reached XP level 6. HP: 13/57 MP: 5/5
  2284 | D:3      | Reached XP level 7. HP: 14/62 MP: 6/6
  2917 | D:4      | Reached skill level 7 in Maces & Flails
  2985 | D:4      | Identified the +7 long sword of Spite {venom, rPois Str-4
                  | Int+5}
  3206 | D:4      | Reached XP level 8. HP: 62/70 MP: 7/7
  3315 | D:5      | Entered Level 5 of the Dungeon
  3545 | D:5      | Reached skill level 8 in Maces & Flails
  4265 | D:6      | Found a staircase to the Ecumenical Temple.
  4358 | D:6      | Reached skill level 9 in Maces & Flails
  4374 | D:5      | Reached XP level 9. HP: 68/79 MP: 8/8
  4474 | Temple   | Found a transporter.
  4474 | Temple   | Found a transporter.
  4474 | Temple   | Found a transporter.
  4474 | Temple   | Found a transporter.
  4474 | Temple   | Entered the Ecumenical Temple
  4516 | Temple   | Became a worshipper of Makhleb the Destroyer
  4840 | D:6      | Identified the ring "Raen" {rElec rC+ Will+}
  4873 | D:6      | Noticed a brown ugly thing
  4888 | D:6      | Killed a brown ugly thing
  4889 | D:6      | Reached skill level 1 in Invocations
  4891 | D:6      | Reached skill level 10 in Maces & Flails
  5107 | D:6      | Noticed a kobold demonologist
  5118 | D:6      | Killed a kobold demonologist
  5466 | D:7      | Noticed Maggie
  5487 | D:7      | Slain by Maggie

Illustrated notes

Levels and vault maps discovered:
D:1:      dpeg_arrival_orchard, layout_loops_corners, minmay_statues_item
D:2:      minmay_general_purpose_star, layout_basic, basic_altar,
          minmay_misc_feat_encased
D:3:      cheibrodos_helix_gallery, layout_rooms,
          gammafunk_temple_overflow_arena, serial_curves, eino_curves_02,
          eino_curves_01, eino_curves_02
D:4:      layout_gridville, uniq_pikel
D:5:      layout_loops_ring, minmay_holes, grunt_ministairs_4, st_stairs_9
D:6:      minmay_chambers_of_sixes, layout_cave_pools, minmay_temple_entry_grid
D:7:      layout_basic, st_stairs_8, guppyfry_shop_venom, uniq_maggie
Temple:   hellmonk_temple_divided_pantheon

Skill      XL: |  1  2  3  4  5  6  7  8  9 |
---------------+----------------------------+-----
Shields        | 4 5 6 7 8 |  8.2
Fighting       | 4 5 6 7 8 |  8.2
Armour         | 4 5 6 7 8 |  8.2
Maces & Flails | 3 4 6 7 9 10 | 10.5
Invocations    | 2 |  2.4

Action                     |  1- 3 |  4- 6 |  7- 9 || total
---------------------------+-------+-------+-------++-------
  Melee: Flail             |    11 |       |       ||    11
         Short sword       |   101 |       |       ||   101
         Headbutt          |    15 |     3 |    22 ||    40
         Morningstar       |     3 |    30 |   139 ||   172
         Long sword        |       |       |    15 ||    15
  Throw: Dart              |       |       |     2 ||     2
  Evoke: Wand              |       |       |     3 ||     3
    Use: Scroll            |       |       |     5 ||     5
         Potion            |       |       |     2 ||     2
 Armour: Scale mail        |    45 |    23 |    81 ||   149
  Dodge: Dodged            |    46 |    27 |    36 ||   109
  Block: Buckler           |    15 |    13 |     1 ||    29
         Kite shield       |       |       |    82 ||    82

Table legend: (Time is in decaauts)
 A = Elapsed time spent in this place.
 B = Non-inter-level travel time spent in this place.
 C = Inter-level travel time spent in this place.
 D = Time resting spent in this place.
 E = Time spent auto-exploring this place.
 F = Levels seen in this place.
 G = Mean time per level.
                   A        B        C        D        E       F      G
               +--------+--------+--------+--------+--------+-----+--------+
         Total |   5632 |   5235 |    397 |    259 |   3751 |   8 |  704.0 |
       Dungeon |   5575 |   5190 |    385 |    259 |   3751 |   7 |  796.4 |
        Temple |     56 |     44 |     12 |      0 |      0 |   1 |   56.0 |
               +--------+--------+--------+--------+--------+-----+--------+

Top non-repeatable levels by time:
     D:5: 1191 daAuts
     D:3: 1043 daAuts
     D:4: 926 daAuts
     D:6: 906 daAuts
     D:1: 814 daAuts
     D:2: 600 daAuts
     D:7: 93 daAuts
  Temple: 56 daAuts
